 Dungeon Crawl Stone Soup version 0.18-a0-952-g309898a (webtiles) character file.

41857 JokEr the Warrior (level 13, 0/128 HPs)
             Began as a Minotaur Fighter on Dec 29, 2015.
             Was a High Priest of Okawaru.
             Slain by a large slime creature (12 damage)
             ... on level 7 of the Lair of Beasts on Dec 30, 2015.
             The game lasted 00:53:32 (16604 turns).

JokEr the Warrior (Minotaur Fighter)               Turns: 16604, Time: 00:53:37

Health: 0/128      AC: 26    Str: 28    XL:     13   Next: 82%
Magic:  15/17      EV: 12    Int: 13    God:    Okawaru [*****.]
Gold:   573        SH:  8    Dex: 13    Spells: 0 memorised, 12 levels left

rFire  + . .     SeeInvis .     l - +9 executioner's axe "Minoumm" {venom, Int+3}
rCold  . . .     Gourm    .     R - +10 plate armour "Zuikogg" {rN+ Int+4}
rNeg   + . .     Faith    .     (shield currently unavailable)
rPois  .         Spirit   .     (helmet restricted)
rElec  .         Dismiss  .     (no cloak)
rCorr  .         Reflect  +     J - +2 pair of gloves {Str+3}
SustAt .         Harm     .     (no boots)
MR     .....                    t - brooch of Shielding {Reflect SH+8}
Stlth  ..........               A - ring of the Octopus King {rF+ AC+1 EV+1 Str+1 Int+1 Dex+1}
                                b - +3 ring of slaying

@: heroism, corroded equipment, not resistant to hostile enchantments, extremely
unstealthy
A: retaliatory headbutt, horns 2
a: Heroism, Finesse, Renounce Religion


You were on level 7 of the Lair of Beasts.
You worshipped Okawaru.
Okawaru was extremely pleased with you.
You were hungry.

You visited 3 branches of the dungeon, and saw 18 of its levels.

You collected 1126 gold pieces.
You spent 553 gold pieces at shops.

Inventory:

Hand Weapons
 g - a +3 vampiric hand axe
 l - the +9 executioner's axe "Minoumm" (weapon) {venom, Int+3}
   (You acquired it on level 3 of the Lair of Beasts)

   It poisons the flesh of those it strikes.
   It affects your intelligence (+3).
Missiles
 y - 2 throwing nets (quivered)
Armour
 F - a +0 large shield
 J - a +2 pair of gloves of strength (worn)
 R - the +10 plate armour "Zuikogg" (worn) {rN+ Int+4}
   (Okawaru gifted it to you on level 2 of the Lair of Beasts)

   It affects your intelligence (+4).
   It protects you from negative energy.
 T - a +0 fire dragon armour
Jewellery
 b - a +3 ring of slaying (left hand)
 s - an uncursed ring of ice
 t - the brooch of Shielding (around neck) {Reflect SH+8}
   (You bought it in a shop on level 10 of the Dungeon)

   [amulet of reflection]

   It shields you and reflects attacks.
   It affects your SH (+8).
 u - a +2 ring of strength
 A - a ring of the Octopus King (right hand) {rF+ AC+1 EV+1 Str+1 Int+1 Dex+1}
   (You found it on level 5 of the Lair of Beasts)

   [ring of protection from fire]

   It affects your AC (+1).
   It affects your evasion (+1).
   It affects your strength (+1).
   It affects your intelligence (+1).
   It affects your dexterity (+1).
   It protects you from fire.
 S - an uncursed ring of poison resistance
 Y - a cursed amulet of inaccuracy {unknown}
Wands
 a - a wand of fireball (11/15)
 q - a wand of magic darts (24/48)
 w - a wand of lightning (4/15)
 C - a wand of flame (43/48)
 E - a wand of digging (14/24)
 I - a wand of fireball (5/15)
 M - a wand of polymorph (10/24)
Scrolls
 e - 12 scrolls of remove curse
 i - 4 scrolls of recharging
 j - 3 scrolls of enchant armour
 p - a scroll of identify
 z - a scroll of fear
 O - a scroll of blinking
 P - 4 scrolls of teleportation
 Q - 2 scrolls of enchant weapon
 X - a scroll of fog
Potions
 d - 4 potions of heal wounds
 h - a potion of mutation
 k - a potion of cancellation
 m - a potion of poison {unknown}
 n - 4 potions of resistance
 o - 3 potions of flight
 r - a potion of cure mutation {unknown}
 v - 5 potions of brilliance
 x - a potion of beneficial mutation {unknown}
 D - 2 potions of berserk rage
 G - a potion of ambrosia {unknown}
 H - a potion of curing
 L - 3 potions of agility
 Z - a potion of magic {unknown}
Comestibles
 c - a beef jerky
 f - 11 bread rations
 B - 6 meat rations
 K - a chunk of flesh
 N - 2 fruits


   Skills:
 - Level 15.7(20.7) Fighting
 - Level 15.4(20.4) Axes
 + Level 15.6(20.6) Armour
 - Level 3.6(8.6) Shields
 - Level 7.0 Invocations


You had 12 spell levels left.
You didn't know any spells.

Dungeon Overview and Level Annotations

Branches:
Dungeon (10/15)            Temple (1/1) D:6            Lair (7/8) D:10
 Shoals (0/4) Lair:6        Snake (0/4) Lair:4        Slime (0/6) Lair:7
    Orc (0/2) D:9

Altars:
Ashenzari
Cheibriados
Dithmenos
Elyvilon
Fedhas
Gozag
Kikubaaqudgha
Makhleb
Nemelex Xobeh
Okawaru
Pakellas
Qazlal
Ru
Sif Muna
Trog
Vehumet
Xom
Yredelemnul
Zin
The Shining One
Jiyva

Shops:
D:10 [=[![


Innate Abilities, Weirdness & Mutations

You reflexively headbutt those who attack you in melee.
You have a pair of horns on your head.


Message History

The splash of acid hits you! The acid corrodes you!
The acid burns!
You block the large slime creature's attack.
The acid blob barely misses you.
You block the large slime creature's attack.
You slice the acid blob!!
The acid blob looks even sicker.
Your hands burn!
You headbutt the acid blob.
The acid blob is heavily wounded.
You slice the large slime creature!!
The large slime creature looks even sicker.
The large slime creature is moderately wounded.
The acid blob hits you!
You are splashed with acid!
The acid corrodes you!
The acid burns!
The large slime creature hits you but does no damage.
You gain the combat prowess of a mighty hero.
You feel slightly more hungry. The acid blob hits you!!
* * * LOW HITPOINT WARNING * * *
You are splashed with acid!
The acid burns!
* * * LOW HITPOINT WARNING * * *
The large slime creature hits you!
You die...

.. .. .. ....... ..
#####..#.#.#.# #.#.
#.>.#.............. #
#...#..#.#.#.#.#.#. P...
#.JJ#..............
.....##@##..#.#.#.#.#.#.
................P.......
................P.......
#.......................
#.............รท.........
.............%..........
.............%..........
................#.......
.........#.##.##}###....


You could see an acid blob and a large slime creature.

Vanquished Creatures
  Snorg (D:10)
  A fire dragon (Lair:1)
  6 hydras
  Erolcha (D:8)
  Erica (D:8)
  3 hill giants (D:10)
  Pikel (D:9)
  A black mamba (Lair:3)
  The ghost of Daviar the Grappler, a novice VSMo (D:7)
  8 elephants
  13 spiny frogs
  The ghost of st0uf the Shield-Bearer, a novice FoFi of Makhleb (D:4)
  10 komodo dragons
  6 fire drakes
  A polar bear (Lair:3)
  Grinder (D:6)
  2 trolls (D:10)
  2 two-headed ogres
  8 blink frogs (Lair:1)
  A wraith (D:8)
  12 hippogriffs
  A basilisk (Lair:4)
  Eustachio (D:6)
  A fire elemental (Lair:2)
  3 hungry ghosts
  Grum (D:9)
  A steam dragon (D:8)
  30 yaks
  22 wolves
  10 water moccasins
  11 porcupines
  A wasp (D:10)
  8 orc warriors
  A sky beast (D:7)
  3 nagas (Lair:4)
  An ice beast (D:8)
  2 slaves (D:9)
  A necrophage (D:8)
  5 ogres
  2 centaurs
  12 crocodiles
  A gnoll sergeant (D:6)
  20 giant frogs
  A water moccasin zombie (D:7)
  A scorpion (D:8)
  5 jellies
  3 wights (D:8)
  4 killer bees (D:10)
  An electric eel (Lair:2)
  7 crimson imps
  2 centaur zombies
  7 hounds
  4 human zombies (D:8)
  A giant frog skeleton (D:4)
  Crazy Yiuf (D:3)
  14 orc priests
  7 iguanas
  A human skeleton (D:8)
  7 orc wizards
  5 worker ants
  A killer bee zombie (D:6)
  9 sheep
  A hound zombie (D:6)
  A hound skeleton (D:10)
  2 mummies (D:8)
  3 worker ant zombies
  22 gnolls
  14 adders
  35 river rats
  3 oozes
  An adder zombie (D:7)
  4 worms
  5 giant geckos
  37 orcs
  6 bats
  5 giant cockroaches
  7 goblins
  6 hobgoblins
  11 jackals
  7 kobolds
  3 quokkas
  2 ball pythons
  3 giant gecko skeletons
  10 giant newts
  An orc zombie (D:8)
  A quokka zombie (D:5)
  6 rats
  3 fungi
  2 plants
501 creatures vanquished.

Vanquished Creatures (others)
  7 fungi
  3 plants (D:10)
10 creatures vanquished.

Grand Total: 511 creatures vanquished

Notes
Turn   | Place    | Note
--------------------------------------------------------------
     0 | D:1      | JokEr the Minotaur Fighter began the quest for the Orb.
     0 | D:1      | Reached XP level 1. HP: 19/19 MP: 0/0
   115 | D:1      | Reached XP level 2. HP: 25/27 MP: 1/1
   266 | D:1      | Reached skill level 4 in Fighting
   575 | D:1      | Reached XP level 3. HP: 34/34 MP: 2/2
   995 | D:2      | Reached skill level 5 in Fighting
   995 | D:2      | Reached XP level 4. HP: 18/42 MP: 3/3
  1347 | D:2      | Found an oddly glowing altar of Pakellas.
  1747 | D:3      | Reached XP level 5. HP: 48/48 MP: 4/4
  2079 | D:3      | Reached skill level 5 in Axes
  2214 | D:3      | Noticed Crazy Yiuf
  2223 | D:3      | Killed Crazy Yiuf
  2585 | D:4      | Noticed an ogre
  2588 | D:4      | Killed an ogre
  2588 | D:4      | Reached skill level 6 in Fighting
  2588 | D:4      | Reached XP level 6. HP: 57/57 MP: 5/5
  2633 | D:4      | Noticed st0uf's ghost (novice FoFi)
  3027 | D:4      | Killed st0uf's ghost
  3027 | D:4      | Reached skill level 7 in Fighting
  3027 | D:4      | Reached XP level 7. HP: 56/66 MP: 6/6
  3096 | D:4      | Reached skill level 8 in Fighting
  3297 | D:4      | Found a deep blue altar of Sif Muna.
  3486 | D:5      | Entered Level 5 of the Dungeon
  3919 | D:5      | Reached XP level 8. HP: 75/75 MP: 7/7
  4105 | D:6      | Reached skill level 9 in Fighting
  4518 | D:6      | Noticed Eustachio
  4558 | D:6      | Killed Eustachio
  4678 | D:6      | Found a staircase to the Ecumenical Temple.
  4702 | Temple   | Entered the Ecumenical Temple
  4757 | Temple   | Became a worshipper of Warmaster Okawaru
  4798 | D:6      | Reached skill level 10 in Fighting
  5388 | D:6      | Reached skill level 10 in Axes
  5434 | D:6      | Reached XP level 9. HP: 86/86 MP: 8/8
  5724 | D:6      | Reached * piety under Okawaru
  5825 | D:6      | Noticed Grinder
  5826 | D:6      | Paralysed by Grinder for 7 turns
  5839 | D:6      | Killed Grinder
  5839 | D:6      | Reached skill level 11 in Fighting
  6582 | D:7      | Noticed Daviar's ghost (novice VSMo)
  6637 | D:7      | Killed Daviar's ghost
  6917 | D:7      | Reached skill level 12 in Fighting
  7008 | D:7      | Reached ** piety under Okawaru
  7089 | D:7      | Found an opulent altar of Gozag.
  7111 | D:7      | Reached XP level 10. HP: 99/99 MP: 9/9
  7193 | D:7      | Found a sparkling altar of Nemelex Xobeh.
  7193 | D:7      | Found a radiant altar of Vehumet.
  7706 | D:8      | Noticed Erolcha
  7936 | D:8      | HP: 3/100 [Erolcha/bolt of cold (24)]
  7944 | D:8      | Killed Erolcha
  7944 | D:8      | Reached *** piety under Okawaru
  7944 | D:8      | Reached skill level 13 in Fighting
  8428 | D:8      | Noticed Erica
  8449 | D:8      | Killed Erica
  8449 | D:8      | Reached **** piety under Okawaru
  8625 | D:8      | Received a gift from Okawaru
  8630 | D:8      | Found an ancient bone altar of Kikubaaqudgha.
  8778 | D:8      | Reached skill level 14 in Fighting
  9005 | D:9      | Noticed Pikel
  9021 | D:9      | Killed Pikel
  9035 | D:9      | Found a staircase to the Orcish Mines.
  9085 | D:9      | Noticed a death knight
  9129 | D:9      | Got a pair of pitted boots
  9135 | D:9      | Identified the +0 pair of boots of the Orb {rElec rN+ MR++ Str-4} (You found it on level 9 of the Dungeon)
  9412 | D:8      | Reached XP level 11. HP: 110/110 MP: 10/10
  9418 | D:9      | Noticed Grum
  9438 | D:9      | Killed Grum
  9502 | D:9      | Found a white marble altar of Elyvilon.
  9577 | D:9      | Reached ***** piety under Okawaru
  9611 | D:9      | Found a basalt altar of Yredelemnul.
  9712 | D:10     | Entered Level 10 of the Dungeon
  9849 | D:10     | Received a gift from Okawaru
  9900 | D:10     | Found a staircase to the Lair.
  9900 | D:10     | Noticed Snorg
  9900 | D:10     | Noticed a hill giant
  9948 | D:10     | Found Ussypn's Antique Armour Boutique.
  9949 | D:10     | Found Xuqil's Jewellery Boutique.
 10012 | D:10     | Killed a hill giant
 10033 | D:10     | Killed Snorg
 10033 | D:10     | Reached skill level 15 in Fighting
 10088 | D:10     | Bought the brooch of Shielding {Reflect SH+8} for 448 gold pieces
 10301 | D:10     | Reached skill level 15 in Axes
 10322 | D:10     | Found Pej Qiux's Distillery.
 10339 | D:10     | Noticed a hill giant
 10579 | D:10     | Killed a hill giant
 10603 | D:10     | Bought a potion of curing for 45 gold pieces
 10603 | D:10     | Bought a potion of agility for 60 gold pieces
 10638 | D:10     | Noticed a hill giant
 10648 | D:10     | Killed a hill giant
 10708 | D:10     | Found Mampufra's Armour Shoppe.
 10795 | D:10     | Found Imuym's Antique Armour Shop.
 10888 | Lair:1   | Entered Level 1 of the Lair of Beasts
 10934 | Lair:1   | Reached skill level 1 in Invocations
 11199 | Lair:1   | Reached XP level 12. HP: 105/122 MP: 13/13
 11295 | Lair:1   | Reached skill level 5 in Invocations
 11327 | Lair:1   | Received a gift from Okawaru
 11502 | Lair:1   | Noticed a fire dragon
 11524 | Lair:1   | Killed a fire dragon
 11841 | Lair:1   | Reached skill level 5 in Armour
 12008 | Lair:2   | Upgraded the game from 0.18-a0-946-g3ac5b32 to 0.18-a0-952-g309898a
 12059 | Lair:2   | Noticed a seven-headed hydra
 12080 | Lair:2   | Killed an 18-headed hydra
 12531 | Lair:2   | Received a gift from Okawaru
 12534 | Lair:2   | Got a bronze plate armour {god gift}
 12546 | Lair:2   | Identified the +10 plate armour "Zuikogg" {rN+ Int+4} (Okawaru gifted it to you on level 2 of the Lair of Beasts)
 12572 | Lair:2   | You fall through a shaft!
 12881 | Lair:2   | Noticed a six-headed hydra
 12898 | Lair:2   | Killed a 17-headed hydra
 13207 | Lair:2   | Reached skill level 10 in Armour
 13892 | Lair:3   | Identified 2 scrolls of acquirement
 13895 | Lair:3   | Got a shimmering executioner's axe
 13902 | Lair:3   | Identified the +9 executioner's axe "Minoumm" {venom, Int+3} (You acquired it on level 3 of the Lair of Beasts)
 13965 | Lair:4   | Reached XP level 13. HP: 128/128 MP: 17/17
 14146 | Lair:4   | Found a staircase to the Snake Pit.
 15016 | Lair:5   | Got a ring of the Octopus King
 15196 | Lair:5   | Received a gift from Okawaru
 15421 | Lair:6   | Found a staircase to the Shoals.
 16032 | Lair:6   | Identified a ring of the Octopus King {rF+ AC+1 EV+1 Str+1 Int+1 Dex+1} (You found it on level 5 of the Lair of Beasts)
 16286 | Lair:7   | Received a gift from Okawaru
 16288 | Lair:7   | Reached skill level 15 in Armour
 16535 | Lair:7   | Found a runed door.
 16535 | Lair:7   | Found a viscous altar of Jiyva.
 16594 | Lair:7   | Found a staircase to the Slime Pits.
 16596 | Lair:7   | Noticed an acid blob
 16604 | Lair:7   | Slain by a large slime creature

Vault maps used:
D:1:      dpeg_arrival_three_smaller_balls, eino_curves_04
D:2:      grunt_pakellas_basics
D:3:      minmay_cut_off, uniq_crazy_yiuf_cottage
D:4:      nicolae_overflow_crystal_walls
D:5:      first_bread
D:6:      temple_doors_e, minmay_misc_feat_x, uniq_eustachio, uniq_grinder
D:7:      marbit_many_paths, gammafunk_temple_overflow_elements
D:8:      lemuel_mausoleum_altar_kikubaaqudgha, uniq_erica, uniq_erolcha
D:9:      overflow_temple_1_default, elyvilon_altar_1, orc_0_dummy, uniq_pikel,
          uniq_grum
D:10:     david_lair_generic, serial_shops, shop, nicolae_shop_trees, shop,
          nicolae_shop_temple_entry_statues_fountains, shop, uniq_snorg
Temple:   zaba_magenta_temple_12
Lair:1:   dragon1_lemuel
Lair:3:   fungi_pond_lemuel
Lair:4:   guppyfry_snake_entry_garden
Lair:5:   hibernation_bobbens
Lair:6:   elwin_shoals_entry_rocks, st_stairs_4, grunt_megastairs_4
Lair:7:   slime_altar_2, st_stairs_13

Action                   |  1- 3 |  4- 6 |  7- 9 | 10-12 | 13-15 || total
-------------------------+-------+-------+-------+-------+-------++-------
Melee: War axe           |    65 |    20 |       |       |       ||    85
       Hand axe          |       |   113 |   413 |   854 |       ||  1380
       Executioner's axe |       |       |       |    14 |   159 ||   173
Throw: Throwing net      |       |       |       |     1 |       ||     1
Invok: Heroism           |       |       |       |     7 |     4 ||    11
       Finesse           |       |       |       |     4 |     1 ||     5
  Use: Scroll            |     3 |     6 |     6 |    15 |     7 ||    37
       Potion            |       |     2 |       |     7 |       ||     9
  Eat: Chunk             |       |     3 |     7 |    23 |     3 ||    36
       Meat ration       |       |     1 |       |       |       ||     1
       Bread ration      |       |     1 |     1 |       |       ||     2
       Fruit             |       |       |     1 |       |     1 ||     2
       Royal jelly       |       |       |       |     1 |     1 ||     2
       Pizza             |       |       |       |       |     1 ||     1
       Beef jerky        |       |       |       |       |     1 ||     1
